 Dungeon Crawl Stone Soup version 0.30.1-11-g7821555f0a (webtiles) character file.

Game seed: 16232511595280103526

7903 PaiMei the Artisan of Death (level 11, -3/87 HPs)
             Began as a Demonspawn Necromancer on Jan 9, 2024.
             Was a Priest of Kikubaaqudgha.
             Slain by a yak (11 damage)
             ... on level 9 of the Dungeon.
             The game lasted 00:17:12 (11989 turns).

PaiMei the Artisan of Death (DsNe)                 Turns: 11989, Time: 00:17:12

Health: -3/87      AC: 10    Str: 14    XL:     11   Next: 2%
Magic:  0/32       EV: 15    Int: 21    God:    Kikubaaqudgha [***...]
Gold:   368        SH:  0    Dex: 14    Spells: 13/26 levels left

rFire   + . .        C - +11 whip of the Holding Gods {venom, rF+ Will+ rCorr}
rCold   . . .        (no shield)
rNeg    . . .        L - +0 steam dragon scales
rPois   .            (no helmet)
rElec   .            G - +0 cloak
rCorr   +            s - +0 pair of gloves
SInv    .            (no boots)
Will    +....        (no amulet)
Stlth   ++           l - ring of magical power
HPRegen 0.34/turn    w - +6 ring of strength
MPRegen 0.46/turn

%: guardian spirit
@: no status effects
A: icy blue scales 2, ignite blood 2, magic shield, magic regeneration
a: Renounce Religion, Unearth Wretches


You were on level 9 of the Dungeon.
You worshipped Kikubaaqudgha.
Kikubaaqudgha was most pleased with you.
You visited 1 branch of the dungeon, and saw 9 of its levels.

You collected 368 gold pieces.

Inventory:

Hand Weapons
 n - a +2 dagger of electrocution
 v - a +2 short sword of speed
 C - the +11 whip of the Holding Gods (weapon) {venom, rF+ Will+ rCorr}
   (You found it on level 6 of the Dungeon)

   rF:        It protects you from fire.
   rCorr:     It protects you from acid and corrosion.
   Will:      It increases your willpower.
Missiles
 q - 28 poisoned darts (quivered)
 R - a curare-tipped dart
Armour
 s - a +0 pair of gloves (worn)
 G - a +0 cloak (worn)
 J - a +0 troll leather armour
 L - +0 steam dragon scales (worn)
Jewellery
 e - a ring of protection from fire
 l - a ring of magical power (left hand)
 p - a ring of see invisible
 r - a ring of resist corrosion
 w - a +6 ring of strength (right hand)
 E - a +5 ring of evasion
 O - a ring of wizardry
Wands
 F - a wand of iceblast (7)
 P - a wand of paralysis (7)
Scrolls
 d - 2 scrolls of teleportation
 f - a scroll of acquirement {unknown}
 g - 2 scrolls of butterflies {unknown}
 h - 3 scrolls of identify {unknown}
 i - 3 scrolls of blinking {unknown}
 k - 4 scrolls of magic mapping {unknown}
 m - a scroll of poison {unknown}
 u - 3 scrolls of immolation {unknown}
 y - a scroll of torment {unknown}
 K - a scroll of vulnerability {unknown}
 M - a scroll of silence {unknown}
 N - a scroll of noise {unknown}
 Q - a scroll of fog {unknown}
Potions
 b - a potion of magic
 c - 3 potions of curing
 j - 3 potions of degeneration {unknown}
 o - a potion of might {unknown}
 t - a potion of lignification {unknown}
 z - a potion of resistance {unknown}
 A - 2 potions of heal wounds {unknown}
 B - a potion of berserk rage {unknown}
 D - 2 potions of haste {unknown}
 H - 2 potions of mutation {unknown}
 I - 2 potions of attraction {unknown}


   Skills:
 + Level 8.4 Fighting
 + Level 8.0 Dodging
 - Level 2.3 Stealth
 + Level 8.1 Spellcasting
 + Level 10.4 Necromancy


You had 13 spell levels left.
You knew the following spells:

 Your Spells              Type           Power      Damage    Failure   Level
a - Necrotise             Necr           100%       1d9       1%          1
b - Vampiric Draining     Necr           51%        2d9       1%          3
c - Animate Dead          Necr           51%        N/A       1%          4
d - Agony                 Necr           51%        N/A       3%          5

Your spell library contained the following spells:

 Spells                   Type           Power      Damage    Failure   Level
 Sublimation of Blood     Necr           51%        N/A       1%          2
 Cigotuvi's Dreadful Rot  Necr/Pois/Air  46%        N/A       2%          2
 Shock                    Conj/Air       32%        1d5       8%          1
 Anguish                  Hex/Necr       15%        N/A       9%          4
 Ensorcelled Hibernation  Hex/Ice        16%        N/A       12%         2
 Death Channel            Necr           25%        N/A       17%         6
 Spider Form              Tmut/Pois      8%         N/A       24%         3
 Swiftness                Air            8%         N/A       24%         3
 Borgnjor's Vile Clutch   Necr/Erth      15%        N/A       26%         5
 Airstrike                Air            4%         2d(1-17)  61%         4
 Simulacrum               Ice/Necr       15%        N/A       80%         6
 Ozocubu's Refrigeration  Ice            4%         4d8       100%        7
 Chain Lightning          Conj/Air       4%         3d5       100%        9
 Fire Storm               Conj/Fire      4%         8d1       100%        9
 Polar Vortex             Ice            4%         N/A       100%        9
 Shatter                  Erth           4%         3d7*      100%        9


Dungeon Overview and Level Annotations

Branches:
Dungeon (9/15)             Temple (0/1) D:6
   Lair: D:8-11         Orc: D:9-12

Altars:
Ashenzari
Cheibriados
Kikubaaqudgha
Nemelex Xobeh
Qazlal
Ru
Trog
Uskayaw
Vehumet

Shops:
D:4 =?


Innate Abilities, Weirdness & Mutations

You are mostly covered in icy blue scales. (AC +3)
Your demonic aura often causes spilled blood to erupt in flames.
When hurt, damage is shared between your health and your magic reserves.
You regenerate magic rapidly.


Message History

A yak comes into view.
An orc warrior comes into view. It is wielding a +0 glaive.
You hit the yak.
The yak is poisoned.
The yak is almost dead.
The yak is engulfed in blazing flames.
You kill the yak!
Kikubaaqudgha accepts your kill. The yak closely misses you.
You have reached level 11!
You whack the yak!
The yak is poisoned.
The yak is moderately wounded.
The yak is engulfed in blazing flames.
The yak gores you.
The yak is engulfed in blazing flames.
The yak barely misses you.
You closely miss the yak.
The yak is severely wounded.
The yak is engulfed in blazing flames.
You kill the yak!
Kikubaaqudgha accepts your kill.
A yak comes into view.
The yak gores you.
The orc warrior hits you with a +0 glaive!
Items here: )) [ †.
The orc shouts!
The yak bellows!
You hit the yak.
The yak is poisoned.
The yak is lightly wounded.
You hear an angry buzzing noise.
The yak barely misses you.
The orc warrior hits you with a +0 glaive!
* * * LOW HITPOINT WARNING * * *
You whack the yak!
The yak looks as sick as possible!
The yak is heavily wounded.
The orc warrior hits you with a +0 glaive!
* * * LOW HITPOINT WARNING * * *
The yak closely misses you.
The orc warrior attacks as you move away!
The orc warrior hits you with a +0 glaive!
* * * LOW HITPOINT WARNING * * *
The yak attacks as you move away! The yak gores you!
You die...
Kikubaaqudgha rasps: "You have failed me!
Welcome... death!"

..#..................
......)...#..........
...y....[###.........
......o..#..........
......Y............
...............#
..............##
........oY....# ..
...###...@....## ...
.. ##.☼.<....##.≈≈ .
#...........≈≈
##...........≈≈
#............≈≈
....?...[.....≈≈
.................
..............####
.............##


You could see 2 yaks, an orc warrior, a killer bee (wandering) and an orc.

Vanquished Creatures
  A two-headed ogre (D:6)
  Pikel (D:8)
  A gargoyle (D:8)
  A troll (D:7)
  2 hornets
  3 wyverns (D:8)
  9 yaks
  3 vampire mosquitoes (D:7)
  A steam dragon (D:7)
  2 swamp worms (D:8)
  An acid dragon (D:8)
  A water moccasin (D:8)
  3 orc warriors
  3 ice beasts
  3 sky beasts
  An ogre (D:6)
  2 centaurs
  A phantom (D:7)
  2 lemures
  2 kobold brigands (D:8)
  2 bullfrogs
  2 scorpions
  21 killer bees
  2 howler monkeys (D:7)
  A hound (D:6)
  A jelly (D:7)
  7 orc priests
  A sleepcap (D:6)
  5 iguanas
  8 orc wizards
  9 adders
  A gnoll (D:1)
  5 white imps
  A worm (D:2)
  4 dart slugs
  25 orcs
  5 bats
  2 bat zombies (D:3)
  6 endoplasms
  3 giant cockroaches
  7 goblins
  11 hobgoblins
  4 jackals (D:2)
  2 quokkas (D:1)
  8 ball pythons
  4 frilled lizards
  16 kobolds
  4 rats
  3 rat zombies (D:3)
213 creatures vanquished.

Notes
Turn   | Place    | Note
-------+----------+-------------------------------------------
     0 | D:1      | PaiMei the Demonspawn Necromancer began the quest for the
                  | Orb.
     0 | D:1      | Reached XP level 1. HP: 13/13 MP: 3/3
   249 | D:1      | Gained mutation: Your demonic aura sometimes causes spilled
                  | blood to erupt in flames. [demonic ancestry]
   249 | D:1      | Reached XP level 2. HP: 18/19 MP: 0/5
   726 | D:1      | Gained mutation: You regenerate magic rapidly. [demonic
                  | ancestry]
   726 | D:1      | Reached XP level 3. HP: 24/24 MP: 2/6
   736 | D:1      | Learned a level 3 spell: Vampiric Draining
  1374 | D:2      | Gained mutation: You are partially covered in icy blue
                  | scales. (AC +2) [demonic ancestry]
  1374 | D:2      | Reached XP level 4. HP: 31/31 MP: 7/7
  1850 | D:3      | Noticed a centaur
  1858 | D:3      | Killed a centaur
  1859 | D:3      | Reached skill level 1 in Fighting
  1859 | D:3      | Reached skill level 5 in Necromancy
  1859 | D:3      | Gained mutation: You are mostly covered in icy blue scales.
                  | (AC +3) [demonic ancestry]
  1859 | D:3      | Reached XP level 5. HP: 33/37 MP: 3/9
  2051 | D:3      | Found an ancient bone altar of Kikubaaqudgha.
  2061 | D:3      | Became a worshipper of Kikubaaqudgha
  2494 | D:3      | Found a faded altar of an unknown god.
  2600 | D:4      | Found Zoufopya's Magic Scroll Boutique.
  2703 | D:4      | Found a radiant altar of Vehumet.
  2858 | D:4      | Found Ezihel's Jewellery Boutique.
  2969 | D:4      | Reached XP level 6. HP: 44/44 MP: 11/11
  3044 | D:4      | Learned a level 4 spell: Animate Dead
  3057 | D:5      | Entered Level 5 of the Dungeon
  3085 | D:5      | Found a stormy altar of Qazlal.
  3470 | D:5      | Reached * piety under Kikubaaqudgha
  3470 | D:5      | Received a gift from Kikubaaqudgha
  3563 | D:5      | Found a hide-covered altar of Uskayaw.
  3950 | D:5      | Found a bloodstained altar of Trog.
  4525 | D:6      | Noticed a sky beast
  4526 | D:6      | Noticed a sky beast
  4526 | D:6      | Noticed a two-headed ogre
  4613 | D:6      | Noticed an ice beast
  4621 | D:6      | Killed an ice beast
  4622 | D:6      | Reached skill level 6 in Necromancy
  4622 | D:6      | Reached XP level 7. HP: 52/52 MP: 9/12
  5309 | D:6      | Found a snail-covered altar of Cheibriados.
  5337 | D:6      | Killed a two-headed ogre
  5338 | D:6      | Reached skill level 5 in Dodging
  5338 | D:6      | Reached skill level 5 in Spellcasting
  5338 | D:6      | Reached skill level 7 in Necromancy
  5338 | D:6      | Gained mutation: When hurt, damage is shared between your
                  | health and your magic reserves. [demonic ancestry]
  5338 | D:6      | Reached XP level 8. HP: 22/61 MP: 6/15
  5643 | D:6      | Identified the +11 whip of the Holding Gods {venom, rF+
                  | Will+ rCorr}
  5716 | D:6      | Reached skill level 5 in Fighting
  5868 | D:6      | Found a staircase to the Ecumenical Temple.
  6334 | D:7      | Gained mutation: Your demonic aura often causes spilled
                  | blood to erupt in flames. [demonic ancestry]
  6334 | D:7      | Reached XP level 9. HP: 34/68 MP: 1/17
  6348 | D:7      | Reached skill level 8 in Necromancy
  6699 | D:7      | Found a broken altar of Ashenzari.
  6894 | D:7      | Noticed a troll
  6899 | D:7      | Killed a troll
  6990 | D:7      | Reached ** piety under Kikubaaqudgha
  7850 | D:7      | Reached skill level 9 in Necromancy
  8132 | D:8      | Learned a level 5 spell: Agony
  8298 | D:8      | Reached XP level 10. HP: 77/77 MP: 19/20
  8516 | D:8      | Noticed Pikel
  8528 | D:8      | Killed Pikel
  8937 | D:8      | Noticed a gargoyle
  9675 | D:8      | Reached *** piety under Kikubaaqudgha
  9675 | D:8      | Received a gift from Kikubaaqudgha
 10220 | D:8      | Found a sacrificial altar of Ru.
 10439 | D:8      | Killed a gargoyle
 11043 | D:9      | Found a sparkling altar of Nemelex Xobeh.
 11147 | D:8      | Reached skill level 10 in Necromancy
 11983 | D:9      | Reached XP level 11. HP: 48/87 MP: 3/23
 11989 | D:9      | Slain by a yak

Illustrated notes

Levels and vault maps discovered:
D:1:      matt_arrival_diagonals, layout_rooms, nicolae_grassy_gnolls
D:2:      layout_basic, serial_rivers, chequers_serial_rivers_small_b,
          chequers_serial_rivers_large_a, chequers_serial_rivers_small_a,
          chequers_serial_rivers_micro_c
D:3:      layout_loops_ring, lemuel_zombie_altar_kikubaaqudgha,
          shapermc_ecumenical_altar_hornbeckon
D:4:      layout_cave_pools, lemuel_crystal_altar, serial_shops, shop_fountains,
          shop, dk_rats_in_the_wall
D:5:      layout_basic, nicolae_uskayaw_suspiria,
          nicolae_qazlal_scattered_showers, lemuel_tele_altar
D:6:      layout_layer_cave, mainiacjoe_overflow_chevrons,
          minmay_temple_entry_slanted, minmay_chambers_of_fives
D:7:      layout_rooms, mainiacjoe_overflow_boulevard
D:8:      layout_layer_cave, nicolae_ru_path_of_blood, worms_lemuel, uniq_pikel
D:9:      layout_big_octagon, marbit_many_paths, nicolae_sif_muna_condensation,
          nemelex_xobeh_ov_fountains_minmay, david_lair_generic,
          ebering_ghost_rock_garden

Skill      XL: |  1  2  3  4  5  6  7  8  9 10 |
---------------+-------------------------------+-----
Dodging        | 2 3 5 6 8 |  8.0
Stealth        | 2 |  2.3
Fighting       | 1 2 3 4 5 6 8 |  8.4
Spellcasting   | 3 5 6 8 |  8.1
Necromancy     | 5 6 7 9 10 | 10.4

Action                     |  1- 3 |  4- 6 |  7- 9 | 10-12 || total
---------------------------+-------+-------+-------+-------++-------
  Melee: Rapier            |     5 |       |       |       ||     5
         Dagger            |       |    20 |       |       ||    20
         Short sword       |       |    43 |    12 |       ||    55
         Whip              |       |       |    75 |    49 ||   124
         Punch             |       |       |     1 |       ||     1
   Cast: Necrotise         |    74 |    88 |    53 |    36 ||   251
         Vampiric Draining |       |    16 |    69 |    71 ||   156
         Agony             |       |       |       |     1 ||     1
    Use: Scroll            |       |     1 |       |       ||     1
         Potion            |       |       |     2 |     2 ||     4
   Stab: Distracted        |       |       |     1 |       ||     1
 Armour: Robe              |     2 |    33 |    29 |       ||    64
         Steam dragon scal |       |       |    28 |    67 ||    95
  Dodge: Dodged            |     9 |    61 |   171 |   207 ||   448
